 Dungeon Crawl Stone Soup version 0.21.0-8-gf18e19db4a (webtiles) character file.

65 Lektor the Vexing (level 3, 0/16 HPs)
             Began as a Spriggan Enchanter on Jan 17, 2018.
             Slain by a hobgoblin
             ... wielding a +0 club
             ... led by Robin
              (2 damage)
             ... on level 2 of the Dungeon.
             The game lasted 00:06:19 (2342 turns).

Lektor the Vexing (Spriggan Enchanter)              Turns: 2342, Time: 00:06:19

Health: 0/16       AC:  2    Str:  4    XL:     3   Next: 94%
Magic:  1/8        EV: 19    Int: 17    God:
Gold:   104        SH:  0    Dex: 16    Spells: 4/7 levels left

rFire    . . .     SeeInvis +   a - +1 dagger
rCold    + . .     Gourm    .   (shield restricted)
rNeg     . . .     Faith    .   b - +0 robe
rPois    .         Spirit   .   (helmet restricted)
rElec    .         Reflect  .   (no cloak)
rCorr    .         Harm     .   (gloves unavailable)
MR       .....                  (boots unavailable)
Stlth    +++.......             (no amulet)
HPRegen  0.05/turn              o - ring of protection from cold
MPRegen  0.11/turn              (no ring)

@: very quick
A: very small, unfitting armour, see invisible, herbivore, speed 3, slow
metabolism 2
a: no special abilities


You were on level 2 of the Dungeon.
You were not hungry.

You visited 1 branch of the dungeon, and saw 3 of its levels.

You collected 104 gold pieces.

Inventory:

Hand Weapons
 a - a +1 dagger (weapon)
 h - a +0 short sword
 q - a +0 mace of protection
 s - a +0 hunting sling
Missiles
 e - 19 sling bullets
 g - 68 stones (quivered)
 r - 4 tomahawks of returning
Armour
 b - a +0 robe (worn)
 u - a +0 helmet
Jewellery
 o - a ring of protection from cold (left hand)
Scrolls
 i - 2 scrolls of remove curse {unknown}
 j - a scroll of enchant armour {unknown}
 l - a scroll of identify {unknown}
 m - a scroll of blinking {unknown}
 t - a scroll of noise {unknown}
Potions
 f - a potion of curing {unknown}
 k - a potion of magic {unknown}
 n - a potion of flight {unknown}
 p - a potion of brilliance {unknown}
Books
 c - a book of Maledictions

   Spells                             Type                      Level
   a - Corona                         Hexes                        1
   b - Ensorcelled Hibernation        Hexes/Ice                    2
   c - Confuse                        Hexes                        3
   d - Tukima's Dance                 Hexes                        3
   e - Dazzling Spray                 Conjuration/Hexes            3
Comestibles
 d - 2 rations


   Skills:
 - Level 1.1 Short Blades
 + Level 4.0 Dodging
 - Level 4.4 Stealth
 - Level 2.6 Spellcasting
 - Level 5.0 Hexes
 + Level 1.1 Ice Magic


You had 4 spell levels left.
You knew the following spells:

 Your Spells              Type           Power        Failure   Level  Hunger
a - Corona                Hex            ###....      2%          1    #......
b - Ensorcelled Hibernat  Hex/Ice        ##....       8%          2    ##.....


Dungeon Overview and Level Annotations

Branches:
Dungeon (3/15)

Altars:
Ashenzari
The Shining One


Innate Abilities, Weirdness & Mutations

You are very small and have problems with some larger weapons.
You are too small for most types of armour.
You have supernaturally acute eyesight. (SInv)
You are a herbivore.
You cover ground extremely quickly.
You need consume almost no food.


Message History

You don't have enough magic to cast that spell.
You hit the hobgoblin but do no damage. The hobgoblin misses you.
You hit the hobgoblin.
The hobgoblin is moderately wounded.
The hobgoblin hits you with a club. The hobgoblin completely misses you.
You climb upwards.
There is a stone staircase leading down here.
Unknown command.
Casting: Ensorcelled Hibernation
Confirm with . or Enter, or press ? or * to list all spells.
Aiming: Corona
Press: ? - help, Shift-Dir - straight line, f - hobgoblin
Aim: a hobgoblin, wielding a club (moderately wounded, chance to defeat MR: 73%)
The hobgoblin is outlined in light.
The hobgoblin hits you with a club.
* * * LOW HITPOINT WARNING * * *
You barely miss the hobgoblin.
The hobgoblin is moderately wounded.
The hobgoblin hits you with a club.
You die...

#.# ####.)............... ####.#
#####.....##...... ##....##
###............. #..##..#
#....#.#.#.##... #......#
##.............#
#.################...#.#...#####
#.#...#.........>...........#
#.#.#.########.g....).......#
#.#.#.# #.@.....#<.....##
#...#.# #.......######..###
#.###.# ####...## ##.... #...#.#
#...# ##... ###...# #...# #....
##### #...# #.### #...# #.#
#...########.# #...#........#


You could see a hobgoblin.

Vanquished Creatures
  Robin (D:3)
  An ooze (D:1)
  A worm (D:2)
  2 leopard geckos (D:2)
  An orc (D:3)
  2 ball pythons
  A giant cockroach (D:2)
  10 goblins
  8 hobgoblins
  4 kobolds
  A quokka (D:2)
  3 bats
  2 frilled lizards
  5 rats
42 creatures vanquished.

Notes
Turn   | Place    | Note
-------+----------+-------------------------------------------
     0 | D:1      | Lektor the Spriggan Enchanter began the quest for the Orb.
     0 | D:1      | Reached XP level 1. HP: 9/9 MP: 5/5
    83 | D:1      | Reached skill level 4 in Hexes
   160 | D:1      | Reached XP level 2. HP: 10/13 MP: 6/6
   435 | D:1      | You fall through a shaft!
  1003 | D:1      | Reached skill level 5 in Hexes
  1054 | D:1      | Learned a level 2 spell: Ensorcelled Hibernation
  1137 | D:1      | Found a glowing golden altar of the Shining One.
  1412 | D:1      | Reached XP level 3. HP: 16/16 MP: 8/8
  2212 | D:3      | Found a shattered altar of Ashenzari.
  2315 | D:3      | Noticed Robin
  2321 | D:3      | Killed Robin
  2321 | D:3      | Reached skill level 1 in Ice Magic
  2342 | D:2      | Slain by a hobgoblin

Skill      XL: |  1  2  3 |
---------------+----------+-----
Hexes          | 4 5 |  5.0
Ice Magic      | 1 |  1.1
Dodging        | 4 |  4.0
Short Blades   | |  1.1
Stealth        | |  4.4
Spellcasting   | |  2.6

Action                   || total
-------------------------++-------
Melee: Dagger            ||    62
       Short sword       ||    67
 Fire: Hunting sling     ||     4
Throw: Stone             ||     1
 Cast: Corona            ||     4
       Ensorcelled Hiber ||     6
 Stab: Sleeping          ||    22
Armor: Robe              ||     8
Dodge: Dodged            ||    89
